 Dungeon Crawl Stone Soup version 0.30-a0-760-g5a9884bb7c (webtiles) character file.

Game seed: 17030838184840398539

1711009 Zappman123 the Slayer (level 27, 215/215 HPs)
             Began as a Hill Orc Gladiator on Feb 10, 2023.
             Was a Follower of Yredelemnul.
             Escaped with the Orb
             ... and 3 runes!
             The game lasted 02:47:46 (64326 turns).

Zappman123 the Slayer (Hill Orc Gladiator)         Turns: 64326, Time: 02:47:47

Health: 215/215    AC: 29    Str: 33    XL:     27
Magic:  32/32      EV: 12    Int: 10    God:    Yredelemnul [*.....]
Gold:   8092       SH: 32    Dex: 15    Spells: 26/26 levels left

rFire   + + .      SeeInvis .    a - +9 demon trident (elec)
rCold   + . .      Faith    .    N - +8 tower shield
rNeg    + + .      Spirit   .    W - +3 plate armour "Budos" {rElec MP-9 Slay+6 Stlth+}
rPois   +          Reflect  .    (helmet restricted)
rElec   +          Harm     .    y - +2 cloak {Stlth+}
rCorr   +          Rampage  .    p - +0 pair of gloves
Will    +++++                    M - +1 pair of boots of the Solstice {Fly Will++ rCorr Stlth-} Stlth
                                 S - amulet "Dostric" {rF+ Regen+}
HPRegen 2.15/turn                t - ring "Haud" {rPois rC+ rN+ Str+2 Stlth-}
MPRegen 0.23/turn                r - ring "Kocwun" {rF+ rN+ MP+9 Int+4 Dex+3}

@: flying, hasted, glowing, very quick
A: antennae 1, deformed body, deterioration 1, dopey 1, frail 2, low MP 1,
strong-willed 1, regeneration 1, no potion heal 1
0: Orb of Zot
}: 3/15 runes: decaying, serpentine, silver
a: Renounce Religion, Recall Undead Harvest


You escaped.
You worshipped Yredelemnul.
Yredelemnul was most pleased with you.
You visited 11 branches of the dungeon, and saw 51 of its levels.
You visited 1 bazaar.
You also visited: Trove, Sewer, Bailey, Ice Cave and Wizlab.

You collected 11598 gold pieces.
You spent 3506 gold pieces at shops.

Inventory:

Hand Weapons
 a - a +9 demon trident of electrocution (weapon)
 L - the +12 glaive of Prune {freeze, Prune}
   (You took it off a fire giant on level 3 of the Depths)

   Prune:     It halves damage taken while paralysed, petrified or unconscious.
Missiles
 w - 3 throwing nets
 T - 12 curare-tipped darts (quivered)
Armour
 p - a +0 pair of gloves (worn)
 y - a +2 cloak of stealth (worn)
 C - a +2 helmet
 M - the +1 pair of boots of the Solstice (worn) {Fly Will++ rCorr Stlth-}
   (You found it on level 5 of the Vaults)

   Fly:       It grants you flight.
   rCorr:     It protects you from acid and corrosion.
   Will:      It greatly increases your willpower.
   Stlth:     It makes you less stealthy.
 N - a +8 tower shield (worn)
 W - the +3 plate armour "Budos" (worn) {rElec MP-9 Slay+6 Stlth+}
   (You found it on level 2 of the Vaults)

   Slay:      It affects your accuracy & damage with ranged weapons and melee
   (+6).
   rElec:     It insulates you from electricity.
   MP:        It affects your magic capacity (-9).
   Stlth:     It makes you more stealthy.
Jewellery
 o - the ring "Rigaen" {Dex+3 SInv}
   (You found it on level 3 of the Elven Halls)

   [ring of see invisible]

   Dex:       It affects your dexterity (+3).
   SInv:      It lets you see invisible.
 r - the ring "Kocwun" (right hand) {rF+ rN+ MP+9 Int+4 Dex+3}
   (You found it on level 3 of the Crypt)

   [ring of positive energy]

   Int:       It affects your intelligence (+4).
   Dex:       It affects your dexterity (+3).
   rF:        It protects you from fire.
   rN:        It protects you from negative energy.
   MP:        It affects your magic capacity (+9).
 t - the ring "Haud" (left hand) {rPois rC+ rN+ Str+2 Stlth-}
   (You bought it in a shop in a bazaar)

   [ring of protection from cold]

   Str:       It affects your strength (+2).
   rC:        It protects you from cold.
   rPois:     It protects you from poison.
   rN:        It protects you from negative energy.
   Stlth:     It makes you less stealthy.
 S - the amulet "Dostric" (around neck) {rF+ Regen+}
   (You took it off a deep elf blademaster on level 3 of the Elven Halls)

   [amulet of regeneration]

   rF:        It protects you from fire.
   Regen:     It increases your rate of health regeneration.
Wands
 E - a wand of paralysis (20)
 O - a wand of quicksilver (8)
 Q - a wand of digging (2)
 V - a wand of roots (36)
 Z - a wand of mindburst (8)
Scrolls
 g - 6 scrolls of immolation
 l - a scroll of blinking
 n - 15 scrolls of teleportation
 u - a scroll of poison
 G - 9 scrolls of vulnerability
 H - 4 scrolls of fog
 I - 3 scrolls of fear
 U - 3 scrolls of enchant armour
Potions
 b - 17 potions of curing
 c - 11 potions of attraction
 f - 2 potions of haste
 h - 12 potions of heal wounds
 i - 4 potions of invisibility
 s - 5 potions of ambrosia
 x - 5 potions of magic
 B - 4 potions of might
 D - 7 potions of cancellation
 F - 9 potions of flight
 J - 9 potions of mutation
 X - a potion of resistance
Miscellaneous
 j - a lightning rod (4/4)
 m - a condenser vane (inert)
 q - a phantom mirror
 v - a box of beasts
 z - a phial of floods
 K - a tin of tremorstones (2/2)


   Skills:
 - Level 26.0 Fighting
 + Level 21.1 Polearms
 - Level 2.0 Throwing
 - Level 26.0 Armour
 - Level 6.0 Dodging
 - Level 26.0 Shields
 - Level 18.0 Invocations
 - Level 10.0 Evocations


You had 26 spell levels left.
You didn't know any spells.
Your spell library contained the following spells:

 Spells                   Type           Power      Damage    Failure   Level
 Apportation              Tloc           0%         N/A       73%         1
 Beastly Appendage        Tmut           0%         N/A       73%         1
 Freeze                   Ice            0%         1d3       73%         1
 Magic Dart               Conj           0%         1d3       73%         1
 Necrotise                Necr           0%         1d4       73%         1
 Slow                     Hex            0%         N/A       73%         1
 Sting                    Tmut/Pois      0%         1d3       73%         1
 Summon Small Mammal      Summ           0%         N/A       73%         1
 Blink                    Tloc           0%         N/A       86%         2
 Call Imp                 Summ           0%         N/A       86%         2
 Cigotuvi's Dreadful Rot  Necr/Pois/Air  0%         N/A       86%         2
 Ensorcelled Hibernation  Hex/Ice        0%         N/A       86%         2
 Passwall                 Tmut/Erth      0%         N/A       86%         2
 Poisonous Vapours        Pois/Air       0%         N/A       86%         2
 Scorch                   Fire           0%         2d5       86%         2
 Searing Ray              Conj           0%         2d4       86%         2
 Static Discharge         Conj/Air       0%         2-2/arc   86%         2
 Sublimation of Blood     Necr           0%         N/A       86%         2
 Wereblood                Tmut           0%         N/A       86%         2
 Confusing Touch          Hex            0%         N/A       97%         3
 Dazzling Flash           Conj/Hex       0%         N/A       97%         3
 Frozen Ramparts          Ice            0%         1d1       97%         3
 Hailstorm                Conj/Ice       0%         3d3       97%         3
 Ignite Poison            Fire/Tmut/Pois 0%         N/A       97%         3
 Inner Flame              Hex/Fire       0%         N/A       97%         3
 Kindle Blastsparks       Fire/Tloc/Air  0%         2d10      97%         3
 Mephitic Cloud           Conj/Pois/Air  0%         N/A       97%         3
 Ozocubu's Armour         Ice            0%         N/A       97%         3
 Spider Form              Tmut/Pois      0%         N/A       97%         3
 Swiftness                Air            0%         N/A       97%         3
 Vampiric Draining        Necr           0%         2d6       97%         3
 Vhi's Electric Charge    Tloc/Air       0%         N/A       97%         3
 Anguish                  Hex/Necr       0%         N/A       100%        4
 Animate Armour           Summ/Erth      0%         N/A       100%        4
 Cause Fear               Hex            0%         N/A       100%        4
 Flame Wave               Conj/Fire      0%         2d4       100%        4
 Fulminant Prism          Conj/Hex       0%         3d5       100%        4
 Ice Form                 Ice/Tmut       0%         N/A       100%        4
 Iskenderun's Mystic Bla  Conj/Tloc      0%         2d3       100%        4
 Manifold Assault         Tloc           0%         N/A       100%        4
 Olgreb's Toxic Radiance  Pois           0%         N/A       100%        4
 Petrify                  Tmut/Erth      0%         N/A       100%        4
 Sticky Flame             Conj/Fire      0%         2d3       100%        4
 Summon Ice Beast         Ice/Summ       0%         N/A       100%        4
 Agony                    Necr           0%         N/A       100%        5
 Arcjolt                  Conj/Air       0%         1d10      100%        5
 Blade Hands              Tmut           0%         N/A       100%        5
 Fireball                 Conj/Fire      0%         3d3       100%        5
 Freezing Cloud           Conj/Ice/Air   0%         6-21      100%        5
 Irradiate                Conj/Tmut      0%         3d11      100%        5
 Iskenderun's Battlesphe  Conj           0%         2d6       100%        5
 Lee's Rapid Deconstruct  Erth           0%         3d4*      100%        5
 Lightning Bolt           Conj/Air       0%         1d11      100%        5
 Metabolic Englaciation   Hex/Ice        0%         N/A       100%        5
 Silence                  Hex/Air        0%         N/A       100%        5
 Summon Mana Viper        Hex/Summ       0%         N/A       100%        5
 Yara's Violent Unravell  Hex/Tmut       0%         3d3       100%        5
 Conjure Ball Lightning   Conj/Air       0%         3x3d6     100%        6
 Iron Shot                Conj/Erth      0%         9d1       100%        6
 Starburst                Conj/Fire      0%         6d3       100%        6
 Statue Form              Tmut/Erth      0%         N/A       100%        6
 Summon Cactus Giant      Summ           0%         N/A       100%        6
 Dragon Form              Tmut           0%         N/A       100%        7
 Enfeeble                 Hex            0%         N/A       100%        7
 Haunt                    Necr/Summ      0%         N/A       100%        7
 Monstrous Menagerie      Summ           0%         N/A       100%        7
 Orb of Destruction       Conj           0%         9d5       100%        7
 Ozocubu's Refrigeration  Ice            0%         4d7       100%        7
 Spellforged Servitor     Conj/Summ      0%         N/A       100%        7
 Storm Form               Tmut/Air       0%         N/A       100%        7
 Borgnjor's Revivificati  Necr           0%         N/A       100%        8
 Discord                  Hex            0%         N/A       100%        8
 Ignition                 Fire           0%         3d3       100%        8
 Infestation              Necr           0%         N/A       100%        8
 Necromutation            Tmut/Necr      0%         N/A       100%        8
 Death's Door             Necr           0%         N/A       100%        9
 Polar Vortex             Ice            0%         N/A       100%        9
 Animate Dead             Necr           Unusable   N/A       N/A         4
 Simulacrum               Ice/Necr       Unusable   N/A       N/A         6

Dungeon Overview and Level Annotations

Branches:
Dungeon (15/15)            Temple (1/1) D:7            Lair (5/5) D:10
  Swamp (4/4) Lair:2        Snake (4/4) Lair:3        Slime (0/5) Lair:5
    Orc (2/2) D:12            Elf (3/3) Orc:2        Vaults (5/5) D:14
  Crypt (3/3) Vaults:3       Tomb (0/3) Crypt:3      Depths (4/4) D:15
    Zot (5/5) Depths:4      Sewer (visited)          Bailey (visited)
  IceCv (visited)          WizLab (visited)

Altars:
Ashenzari
Cheibriados
Dithmenos
Elyvilon
Fedhas
Gozag
Hepliaklqana
Kikubaaqudgha
Makhleb
Nemelex Xobeh
Okawaru
Qazlal
Ru
Sif Muna
Trog
Uskayaw
Vehumet
Wu Jian
Xom
Yredelemnul
Zin
The Shining One
Beogh

Shops:
Orc:1 ?   Orc:2 (:(?   Elf:1 =::   Elf:2 [   Snake:3 [   Vaults:3 !!
Depths:2 (

Portals:
Hell: Depths:1 Depths:2 Depths:3 Depths:4
Abyss: Swamp:2 Depths:3 Depths:4
Pandemonium: Depths:2 Depths:3
Ziggurat: Depths:2

Annotations:
D:7 3 runed translucent doors, Stoves66's ghost, novice DsFi
D:8 2 exclusions
D:9 haste/oklob, exclusion: 2 oklob saplings
D:12 exclusion: upstairs
Swamp:1 2 transporters, xfalz's ghost, journeyman GnSk
Swamp:2 2 transporters, exclusion: downstairs, steamdo11's ghost, journeyman FeSu
Swamp:4 Roxanne
Elf:2 3 runed translucent doors
Vaults:1 2 transporters, Cewk's ghost, adept DEVM
Depths:1 2 transporters, Puodgh's ghost, adept MfGl
Zot:5 exclusion: 2 upstairs


Innate Abilities, Weirdness & Mutations

You have a pair of small antennae on your head.
Armour fits poorly on your strangely shaped body.
Your body sometimes deteriorates upon taking damage.
You are dopey. (Int -2)
You are very frail. (-20% HP)
Your magical capacity is low. (-10% MP)
You are strong-willed. (Will+)
Your natural rate of healing is unusually fast.
Potions are less effective at restoring your health.


Message History

Your Orb Guardian zombie misses the smoke demon.
You impale the smoke demon!!
The smoke demon is heavily wounded.
The smoke demon gestures at you. You block the sticky flame.
You puncture the smoke demon!
Lightning courses through the smoke demon!
You kill the smoke demon!
A black mist starts to gather...
You can now trade souls for undead servants.
No target in view!
No target in view!
(D) Dungeon (T) Temple (L) Lair (S) Swamp (P) Snake Pit (M) Slime Pits (O) Orcish Mines (E) Elven Halls (V) Vaults (C) Crypt (W) Tomb (U) Depths (H) Hell (Z) Zot
Where to? (Enter - D:1, ? - help)
What level of the Dungeon? (default 1, ? - help) You're already here!
Unknown command.
You feel yourself speed up.
Things that are here:
4 stones; a +0 whip A seraph and 2 angels come into view.
The seraph is wielding a +4 great sword of flaming.
An angel is wielding a +2 sacred scourge of holy wrath.
An angel is wielding a +1 whip of holy wrath.
Okay, then.
Unknown command.
Press: ? - help, v - describe, . - travel
Here: a seraph, wielding a +4 great sword of flaming and wearing +0 fire dragon scales (haloed)
The floor.
Aiming: Dig
Press: ? - help, Shift-Dir - straight line A rock wall.
This square is lit by a halo and is covered in magical glow.
The rock shatters into small pieces.
Blink to where?
Press: ? - help, Dir - move target
As you read the scroll of blinking, it crumbles to dust.
There is a staircase leading out of the dungeon here.
You have escaped!

#.##############..#..####
#.#...#...#...###...## ##
#.'.8.#.8...8.###.#.####.
#.#...#...#...#.......)..
#.##.###.###.##.#.#.#####
#A##.# #.# #.##.#.#.####
#A##.###.###.##.#......#
##.#...#...#...#.###.##.#
#A>#.8.#.@.#.8.#.###.##.##
#§A........#...#.....##...
#.###.###.###.##.########.
#.# #.# #.# #.##.# #.
#.###.###.###.##.# ##.
#.##...#...#...#.# #..
#.##.8...8.#.8.'.# #..
#.##...#...#...### ##..
#Z############## #8..


You could see a seraph.

Vanquished Creatures
  An ancient lich (Zot:5)
  2 dread liches
  9 orbs of fire
  Boris (twice) (Depths:3 Vaults:5)
  Vv (Zot:4)
  A curse toe (Zot:4)
  4 Killer Klowns
  Margery (Vaults:3)
  6 golden dragons
  2 electric golems
  11 tentacled monstrosities
  A shard shrike skeleton (Crypt:2)
  23 Orb Guardians
  2 walking earthen tomes (Depths:3)
  4 liches
  A walking frostbound tome (Depths:3)
  3 deep elf master archers (Elf:3)
  A deep elf blademaster (Elf:3)
  A walking divine tome (Depths:3)
  A walking crystal tome (Depths:3)
  2 titans
  A quicksilver dragon (shapeshifter) (Vaults:5)
  5 quicksilver dragons
  4 death cobs
  4 ancient champions
  3 sphinxes
  An Executioner (D:14)
  6 tengu reavers
  3 draconian monks
  A thorn hunter (Swamp:2)
  7 storm dragons
  7 shadow dragons
  A rockslime (Zot:4)
  3 nagarajas (Snake:4)
  A revenant (Crypt:1)
  5 frost giants
  The ghost of derval the Warrior, an adept OpSu of Gozag (Snake:1)
  12 fire giants
  4 draconian knights
  2 ghost moths (Zot:5)
  4 deep elf sorcerers
  A fenstrider witch (Swamp:4)
  An iron dragon (Vaults:5)
  7 vault wardens
  3 draconian stormcallers
  A caustic shrike zombie (Depths:2)
  A cacodemon (D:1)
  2 balrugs
  A draconian shifter (Zot:1)
  3 deep elf elementalists
  5 ghouls
  13 ironbound preservers
  A curse skull (Crypt:1)
  An orc warlord (Bailey)
  A spriggan defender (Depths:3)
  A draconian annihilator (Zot:2)
  18 very ugly things
  12 stone giants
  4 eleionomae
  4 ironbound thunderhulks
  A caustic shrike skeleton (Crypt:3)
  6 vampire knights
  7 purple draconians
  A deep elf demonologist (Elf:1)
  4 deep elf annihilators
  6 yellow draconians
  3 black draconians
  8 dire elephants
  5 green draconians
  4 bunyips
  8 white draconians
  A spark wasp (Depths:2)
  2 deep elf death magi
  2 red draconians
  8 ettins
  7 fire dragons
  An eidolon (Crypt:3)
  7 jiangshi
  2 shambling mangroves
  4 salamander tyrants (Snake:4)
  7 yaktaur captains
  A spriggan air mage (WizLab)
  3 great orbs of eyes
  A hell beast (Zot:2)
  5 rakshasas
  25 vault guards
  4 ice dragons
  14 hydras
  3 ironbound frosthearts
  4 ogre magi
  9 centaur warriors
  9 deep troll shamans
  8 anacondas
  2 two-headed ogres (D:11)
  16 dancing weapons
  A boulder beetle (shapeshifter) (Vaults:4)
  4 alligators
  A death knight (Crypt:2)
  2 tengu warriors
  5 boulder beetles
  4 hell hogs (Depths:2)
  A naga warrior (Snake:4)
  8 deep troll earth magi
  A titan zombie (Crypt:2)
  2 vampire magi
  6 shock serpents
  Urug (D:13)
  10 naga sharpshooters
  5 spriggan berserkers
  Nergalle (Orc:2)
  3 soul eaters
  14 deep elf knights
  5 salamander mystics
  8 hell knights
  2 shadow wraiths
  3 sun demons
  14 skeletal warriors
  8 iron trolls
  4 spriggan druids
  2 skysharks
  A storm dragon skeleton (Depths:2)
  4 glowing orange brains
  3 goliath frogs
  47 deep trolls
  A shadow demon (Zot:2)
  10 deep elf archers
  4 flayed ghosts
  2 spriggan riders
  4 naga ritualists
  13 ironbound convokers
  A bog body (Swamp:1)
  12 spectral humans (Vaults:5)
  Pikel (D:9)
  11 phantasmal warriors
  An orange crystal statue (IceCv)
  6 swamp dragons
  5 lindwurms
  8 wizards
  A tengu zombie (Depths:2)
  2 spectral hydras
  19 deep elf pyromancers
  7 necromancers
  A spectral wolf spider (D:11)
  2 orc knights
  2 wolf spiders (D:11)
  19 mana vipers
  A sphinx zombie (D:15)
  A wolf spider zombie (Crypt:2)
  A will-o-the-wisp (Swamp:1)
  28 ugly things
  14 deep elf zephyrmancers
  9 harpies
  4 orc sorcerers
  17 moths of wrath
  4 cyclopes
  7 elephants (Lair:5)
  3 manticores
  17 black mambas
  2 guardian serpents (Snake:4)
  8 centaur zombies (D:10)
  15 salamanders
  An ice statue (Elf:3)
  2 eyes of devastation (Depths:2)
  10 vault sentinels
  2 torpor snails
  3 smoke demons
  A water nymph (shapeshifter) (Vaults:4)
  9 cane toads
  An elephant slug zombie (Crypt:1)
  A dire elephant zombie (Crypt:2)
  9 naga magi
  An elf skeleton (Vaults:1)
  A gargoyle (D:12)
  A demonic crawler (Zot:2)
  A hellion (Depths:3)
  An unseen horror (D:12)
  An efreet (D:7)
  A catoblepas zombie (Crypt:2)
  2 white draconian zombies
  4 freezing wraiths
  25 yaktaurs
  6 komodo dragons
  2 anaconda simulacra (IceCv)
  3 rime drakes
  A yellow draconian zombie (Crypt:1)
  2 shock serpent skeletons (Crypt:1)
  A golden dragon simulacrum (IceCv)
  4 tengu conjurers
  A spectral tengu (D:11)
  An ice devil (Depths:3)
  A death yak skeleton (Crypt:2)
  9 polar bears (Lair:5)
  A human skeleton (Vaults:1)
  9 tyrant leeches
  3 meliai (D:14)
  5 trolls
  A moth of wrath zombie (Zot:5)
  A meliai (shapeshifter) (Elf:1)
  A troll (shapeshifter) (Vaults:4)
  17 hornets
  An ettin zombie (D:11)
  A hydra skeleton (Crypt:3)
  2 harpy skeletons (Crypt:2)
  A dream sheep (shapeshifter) (Vaults:4)
  5 dream sheep (Lair:3)
  4 raiju (Lair:5)
  A stone giant simulacrum (Crypt:2)
  An alligator zombie (Swamp:4)
  12 blink frogs
  21 slime creatures
  A ynoxinul (Depths:3)
  A vampire (D:12)
  3 flying skulls (Crypt:1)
  3 shadows
  3 air elementals
  5 wraiths
  9 spriggans
  8 water elementals
  4 wyverns
  2 fire elementals (Elf:1)
  A basilisk (Lair:5)
  18 yaks
  2 steam dragons (D:9)
  4 humans (Zot:4)
  20 nagas
  10 vampire mosquitoes
  A merfolk zombie (Crypt:1)
  7 wargs
  A harpy simulacrum (IceCv)
  A human zombie (Depths:2)
  11 swamp worms
  A floating eye (Depths:2)
  14 water moccasins
  13 hell hounds
  A hornet zombie (Swamp:4)
  3 ice beasts (D:7)
  6 swamp drakes
  A water nymph skeleton (Crypt:2)
  9 black bears
  An ettin simulacrum (IceCv)
  13 orc warriors
  2 sky beasts
  8 ogres
  3 boggarts (Depths:4)
  An elephant skeleton (Crypt:3)
  4 centaurs
  10 wolves (Lair:5)
  4 lemures (D:9)
  4 kobold brigands (Sewer)
  A vine stalker zombie (Crypt:1)
  3 necrophages (D:4)
  5 bullfrogs
  Blork the orc (D:5)
  An earth elemental (Elf:1)
  3 gnoll sergeants
  6 scorpions
  8 wights
  A shapeshifter zombie (Crypt:3)
  3 killer bees (D:8)
  A warg skeleton (Crypt:1)
  A lindwurm simulacrum (IceCv)
  A tengu skeleton (D:15)
  6 howler monkeys
  An iron imp (D:9)
  16 orc priests
  2 hounds
  2 gnoll boudas
  3 iguanas
  Terence (D:2)
  23 orc wizards
  Ijyb (D:4)
  2 hell rats (D:7)
  A kobold zombie (D:11)
  Robin (D:4)
  15 gnolls
  11 adders
  2 howler monkey zombies (D:10)
  8 river rats
  2 shadow imps
  3 ufetubi
  An iguana zombie (Crypt:2)
  A worm (D:2)
  4 dart slugs
  54 orcs
  13 ball pythons
  6 endoplasms
  7 giant cockroaches
  13 hobgoblins
  7 jackals
  30 kobolds
  11 quokkas
  5 bats
  4 frilled lizards
  A gnoll skeleton (Crypt:2)
  15 goblins
  28 rats
  4 spectral orcs (Vaults:5)
1612 creatures vanquished.

Vanquished Creatures (collateral kills)
  An ancient lich (Crypt:3)
  Bai Suzhen (Vaults:3)
  Head Instructor (WizLab)
  2 curse toes (Crypt:3)
  A Killer Klown (Zot:5)
  A caustic shrike (Depths:2)
  A golden dragon (Depths:2)
  A lich (Crypt:3)
  3 tentacled monstrosities
  4 Orb Guardians (Zot:5)
  2 deep elf blademasters (Elf:3)
  A titan (Vaults:5)
  A deep elf master archer (Elf:3)
  2 ancient champions
  A sphinx (Vaults:4)
  A death cob (Zot:5)
  A storm dragon (Vaults:5)
  3 tengu reavers
  2 shadow dragons
  A revenant (Crypt:3)
  2 fire giants
  A deep elf sorcerer (Elf:3)
  The ghost of grom234 the Warrior, a journeyman FoFi of Okawaru (Snake:1)
  2 vault wardens
  5 ghouls
  2 deep elf elementalists (Elf:3)
  A juggernaut zombie (D:15)
  4 ironbound preservers
  2 ironbound thunderhulks
  8 very ugly things
  4 stone giants
  A caustic shrike skeleton (Crypt:1)
  A green draconian (Depths:4)
  3 eleionomae
  2 deep elf demonologists (Elf:3)
  2 vampire knights
  2 bunyips
  3 deep elf annihilators (Elf:3)
  2 purple draconians
  2 red draconians (Depths:4)
  2 spark wasps (Depths:2)
  6 dire elephants (Vaults:3)
  3 eidola
  3 ettins
  A merfolk javelineer (Depths:2)
  A quicksilver dragon zombie (Crypt:1)
  8 slime creatures
  3 deep elf death magi (Elf:3)
  5 fire dragons
  Josephine (D:15)
  3 great orbs of eyes
  A deep elf high priest (Elf:3)
  A spriggan zombie (D:15)
  Erolcha (Orc:2)
  4 yaktaur captains
  4 ice dragons
  3 ironbound frosthearts
  13 hydras
  2 rakshasas
  A boulder beetle (Vaults:1)
  A salamander tyrant (Snake:4)
  A catoblepas (D:15)
  A spriggan air mage (Depths:2)
  4 anacondas
  A vault guard (Vaults:4)
  A centaur warrior (D:15)
  A death knight (D:15)
  2 deep troll shamans (Depths:2)
  2 tengu warriors
  3 alligators
  4 naga warriors
  A spriggan berserker (Depths:3)
  4 vampire magi
  3 naga sharpshooters
  3 deep troll earth magi
  2 shock serpents (Snake:4)
  2 deep elf knights
  A soul eater (Crypt:3)
  4 salamander mystics
  A sun demon (Depths:1)
  8 hell knights
  3 iron trolls
  A fire crab (Lair:3)
  30 deep trolls
  5 skeletal warriors
  A goliath frog (Swamp:1)
  2 spriggan riders (Swamp:2)
  A glowing orange brain (Depths:2)
  3 deep elf archers
  3 spriggan druids
  4 swamp dragons
  A skyshark (Lair:4)
  6 bog bodies
  4 naga ritualists
  3 deep elf zephyrmancers
  6 harpies (Vaults:1)
  An orc knight (Vaults:4)
  A wizard (Depths:2)
  3 necromancers
  5 phantasmal warriors
  5 lindwurms
  6 ironbound convokers
  A deep elf pyromancer (Elf:3)
  A sphinx zombie (Crypt:3)
  3 mana vipers
  8 ugly things
  2 orc sorcerers (Orc:2)
  3 salamanders
  2 will-o-the-wisps
  A moth of wrath (Depths:4)
  4 guardian serpents (Snake:4)
  A naga zombie (Crypt:2)
  A centaur zombie (Crypt:2)
  18 black mambas
  A cyclops (D:14)
  6 naga magi
  4 elephants (Lair:5)
  An elf zombie (Vaults:1)
  9 vault sentinels
  A torpor snail (Lair:5)
  A dire elephant skeleton (Crypt:2)
  2 cane toads (Lair:5)
  A centaur skeleton (Crypt:3)
  An alligator snapping turtle skeleton (Crypt:2)
  A rime drake (Lair:4)
  5 komodo dragons
  8 yaktaurs
  A tengu conjurer (Depths:1)
  A yaktaur (shapeshifter) (Vaults:4)
  A freezing wraith (Vaults:3)
  6 hornets
  An iron troll skeleton (Crypt:2)
  2 polar bears (Lair:5)
  A troll (D:15)
  3 blink frogs
  5 flying skulls
  An air elemental (Elf:3)
  2 ettin skeletons (Crypt:2)
  A vampire (D:11)
  9 spriggans
  4 wraiths
  2 basilisks
  3 humans (Zot:4)
  2 water elementals
  7 yaks
  5 vampire mosquitoes
  A chaos spawn (Depths:3)
  A redback (shapeshifter) (D:15)
  19 nagas
  A human zombie (Depths:2)
  2 water moccasins (Lair:5)
  4 swamp worms
  A floating eye (Depths:2)
  A hydra simulacrum (IceCv)
  2 hell hounds (Lair:5)
  3 swamp drakes
  3 black bears (Lair:5)
  2 orc warriors (Orc:1)
  An alligator simulacrum (IceCv)
  3 wolves (Lair:5)
  A kobold brigand (D:11)
  2 necrophages
  A water moccasin zombie (Crypt:3)
  A troll skeleton (Crypt:1)
  A spriggan skeleton (Crypt:2)
  2 howler monkeys (D:11)
  A wolf skeleton (Crypt:3)
  5 orc wizards
  A killer bee zombie (Crypt:1)
  3 gnolls (D:10)
  7 orcs
503 creatures vanquished.

Vanquished Creatures (others)
  An ancient lich (Crypt:3)
  A golden dragon (Zot:5)
  A tentacled monstrosity (Depths:3)
  A shard shrike skeleton (Crypt:2)
  A lich (Crypt:3)
  A spectral Killer Klown (Zot:5)
  A tengu reaver (Depths:3)
  An iron dragon (Vaults:5)
  A fire giant (Depths:2)
  A spectral fenstrider witch (Snake:4)
  A ghoul (Crypt:3)
  2 very ugly things
  A demonspawn blood saint (D:11)
  An ironbound preserver (Vaults:4)
  A vampire knight (Crypt:2)
  An eidolon (Crypt:3)
  A jiangshi (Crypt:2)
  4 very ugly thing zombies
  2 quicksilver dragon zombies
  A deep elf high priest (Vaults:5)
  An ice dragon (Depths:2)
  An ogre mage (Vaults:5)
  An anaconda (Snake:2)
  4 Orb Guardian zombies (Zot:5)
  A salamander tyrant (Snake:4)
  A centaur warrior (D:15)
  A spectral balrug (Depths:4)
  A shock serpent (Snake:4)
  A deep elf knight (Elf:2)
  A titan zombie (Vaults:5)
  An iron troll (Depths:1)
  3 storm dragon zombies (Zot:5)
  3 hell knights
  A bunyip zombie (Swamp:2)
  2 golden dragon zombies
  A skeletal warrior (Crypt:3)
  A deep troll (Vaults:4)
  An anaconda zombie (Snake:4)
  A wizard (Depths:1)
  2 shadow dragon zombies
  2 goliath frog zombies
  An ironbound convoker (Vaults:4)
  7 ugly thing zombies
  3 deep elf zephyrmancers
  2 deep elf pyromancers
  A spectral orc (Swamp:1)
  An ugly thing (Depths:1)
  A salamander (Snake:4)
  A stone giant zombie (Depths:3)
  3 fire giant zombies
  3 spectral rakshasas
  7 salamander zombies
  2 vault sentinels (Vaults:4)
  3 purple draconian zombies
  2 black draconian zombies
  2 red draconian zombies (Depths:4)
  A white draconian zombie (Zot:5)
  A spectral sun demon (Depths:4)
  A redback zombie (D:15)
  A yaktaur (Vaults:3)
  A spectral glowing orange brain (Depths:3)
  3 swamp worm zombies
  3 iron troll zombies
  4 mana viper zombies
  5 hydra zombies
  7 harpy zombies
  3 moth of wrath zombies
  3 bloated husks
  A hornet (Depths:3)
  An ice dragon zombie (Depths:3)
  2 spectral floating eyes (Depths:2)
  2 ettin zombies (Depths:3)
  3 fire dragon zombies
  A slime creature (Vaults:3)
  A stone giant simulacrum (Crypt:2)
  2 guardian serpent zombies (Snake:4)
  A great orb of eyes zombie (Vaults:4)
  A spriggan (Depths:3)
  A water elemental (Depths:2)
  3 slime creature zombies
  5 black mamba zombies
  A spectral ice devil (Depths:3)
  A spectral raiju (Lair:5)
  A spectral hell beast (Zot:2)
  A tyrant leech zombie (Swamp:3)
  A human (Zot:4)
  A two-headed ogre zombie (D:11)
  A spectral hellion (Depths:3)
  A naga (Snake:4)
  21 human zombies
  16 deep troll zombies
  5 ogre zombies
  A cane toad zombie (Lair:5)
  8 hornet zombies
  A dream sheep zombie (Lair:3)
  23 elf zombies
  4 lindwurm zombies
  3 elephant zombies (Lair:5)
  A swamp dragon zombie (Swamp:3)
  A blink frog zombie (Lair:4)
  2 vampire mosquito zombies (Swamp:1)
  A torpor snail zombie (Lair:5)
  A komodo dragon zombie (D:11)
  15 naga zombies (Snake:4)
  A cyclops zombie (D:11)
  6 yaktaur zombies
  2 water moccasin zombies
  A hell hound zombie (Lair:5)
  6 polar bear zombies (Lair:5)
  7 spriggan zombies
  A warg zombie (D:15)
  3 tengu zombies
  3 yak zombies (Lair:5)
  A troll skeleton (Crypt:1)
  3 wolf zombies (Lair:5)
  5 black bear zombies (Lair:5)
  A howler monkey zombie (D:11)
  A swamp drake zombie (Swamp:4)
  17 orc zombies
  16 foxfires
  46 fungi
  81 plants
464 creatures vanquished.

Grand Total: 2579 creatures vanquished

Notes
Turn   | Place    | Note
-------+----------+-------------------------------------------
     0 | D:1      | Zappman123 the Hill Orc Gladiator began the quest for the
                  | Orb.
     0 | D:1      | Reached XP level 1. HP: 18/18 MP: 1/1
    65 | D:1      | Reached XP level 2. HP: 25/25 MP: 2/2
   373 | D:1      | Reached XP level 3. HP: 18/30 MP: 3/3
   506 | D:1      | Found a faded altar of an unknown god.
  1152 | D:2      | Noticed Terence
  1273 | D:2      | Reached skill level 1 in Armour
  1273 | D:2      | Reached XP level 4. HP: 23/37 MP: 4/4
  1342 | D:2      | Killed Terence
  1448 | D:2      | Reached skill level 5 in Polearms
  2239 | D:3      | Reached XP level 5. HP: 32/45 MP: 5/5
  2658 | D:3      | Found an iron altar of Okawaru.
  3008 | D:4      | Reached XP level 6. HP: 30/53 MP: 6/6
  3121 | D:4      | Noticed Robin
  3132 | D:4      | Killed Robin
  3197 | D:4      | Found an ornate altar of the Wu Jian Council.
  3326 | D:4      | Found a shimmering blue altar of Sif Muna.
  3566 | D:4      | Found a glowing silver altar of Zin.
  3589 | D:4      | Reached XP level 7. HP: 60/60 MP: 7/7
  3772 | D:4      | Reached skill level 5 in Fighting
  4043 | D:5      | Entered Level 5 of the Dungeon
  4043 | D:5      | Noticed Ijyb
  4054 | D:4      | Killed Ijyb
  4233 | D:5      | Found a glowing drain.
  4253 | Sewer    | Entered a sewer
  4302 | Sewer    | HP: 6/62 [poisoned by a kobold]
  4629 | Sewer    | Reached skill level 5 in Armour
  4629 | Sewer    | Reached XP level 8. HP: 58/70 MP: 8/8
  4959 | D:5      | Noticed Blork the orc
  4968 | D:5      | Killed Blork the orc
  5391 | D:6      | Found an ancient bone altar of Kikubaaqudgha.
  5596 | D:6      | Found an opulent altar of Gozag.
  6314 | D:7      | Found a hide-covered altar of Uskayaw.
  6382 | D:7      | Reached XP level 9. HP: 75/75 MP: 9/9
  6459 | D:7      | Reached skill level 10 in Polearms
  6842 | D:7      | Found a staircase to the Ecumenical Temple.
  6865 | Temple   | Entered the Ecumenical Temple
  7267 | D:7      | Found a runed translucent gate.
  7267 | D:7      | Noticed Stoves66's ghost (novice DsFi)
  7268 | D:7      | Found a runed translucent gate.
  7269 | D:7      | Found a runed translucent gate.
  7856 | D:8      | Found a flagged portal.
  7872 | Bailey   | Entered a bailey
  7877 | Bailey   | Noticed an orc warlord
  7950 | Bailey   | Reached XP level 10. HP: 51/83 MP: 10/10
  8076 | Bailey   | Found a runed translucent gate.
  8076 | Bailey   | Found a runed translucent gate.
  8076 | Bailey   | Found a runed translucent gate.
  8365 | Bailey   | Killed an orc warlord
  8435 | Bailey   | Reached XP level 11. HP: 89/89 MP: 11/11
  9092 | D:9      | Noticed Pikel
  9096 | D:9      | HP: 8/89 [spore (39)]
  9096 | D:9      | Killed Pikel
  9470 | D:9      | Found a snail-covered altar of Cheibriados.
 10061 | D:10     | Entered Level 10 of the Dungeon
 10300 | D:10     | Found a basalt altar of Yredelemnul.
 10349 | D:10     | Reached skill level 1 in Shields
 10526 | D:10     | Became a worshipper of Yredelemnul the Dark
 10661 | D:10     | Found a staircase to the Lair.
 10730 | D:10     | Reached * piety under Yredelemnul
 10796 | D:10     | Reached XP level 12. HP: 101/105 MP: 12/12
 11117 | D:10     | Reached ** piety under Yredelemnul
 11673 | D:11     | Noticed a two-headed ogre
 11705 | D:11     | Killed a two-headed ogre
 11807 | D:11     | Reached skill level 10 in Fighting
 11893 | D:11     | Noticed a fire giant
 12758 | D:11     | Reached skill level 5 in Shields
 12961 | D:11     | Noticed a two-headed ogre
 12970 | D:11     | Killed a two-headed ogre
 13008 | D:11     | Killed a fire giant
 13307 | D:11     | Got the Handbook of the Lofty Discharge
 13435 | D:11     | Noticed an ettin
 13435 | D:11     | Noticed a centaur warrior
 13443 | D:11     | Killed a centaur warrior
 13452 | D:11     | Killed an ettin
 13527 | D:11     | Noticed a tengu warrior
 13527 | D:11     | Noticed a boulder beetle
 13527 | D:11     | Noticed a five-headed hydra
 13532 | D:11     | Killed a tengu warrior
 13534 | D:11     | Killed a five-headed hydra
 13534 | D:11     | Killed a boulder beetle
 13535 | D:11     | Reached skill level 10 in Shields
 14047 | D:12     | Reached XP level 13. HP: 113/113 MP: 13/13
 14054 | D:12     | Reached *** piety under Yredelemnul
 14098 | D:12     | Reached skill level 1 in Invocations
 14300 | D:12     | Found a staircase to the Orcish Mines.
 14397 | D:12     | Reached **** piety under Yredelemnul
 14672 | D:13     | Found a portal to a secret trove of treasure.
 14713 | D:13     | Found a flickering gateway to a bazaar.
 14723 | Bazaar   | Entered a bazaar
 14723 | Bazaar   | Found Apagud's Armour Shoppe.
 14723 | Bazaar   | Found Omechueh's Book Shoppe.
 14723 | Bazaar   | Found Juduw's Book Emporium.
 14723 | Bazaar   | Found Buin's Antique Weapon Emporium.
 14723 | Bazaar   | Found Hesyaz's Jewellery Shoppe.
 14807 | Bazaar   | Bought the ring "Haud" {rPois rC+ rN+ Str+2 Stlth-} for 648
                  | gold pieces
 15137 | D:13     | Noticed a rakshasa
 15146 | D:13     | Killed a rakshasa
 15384 | D:13     | Noticed Urug
 15400 | D:13     | Paralysed by Urug for 3 turns
 15407 | D:13     | Paralysed by Urug for 4 turns
 15414 | D:13     | Killed Urug
 15415 | D:13     | Reached skill level 5 in Invocations
 16330 | D:14     | Found a gate to the Vaults.
 16824 | D:14     | Reached ***** piety under Yredelemnul
 16825 | D:14     | Reached XP level 14. HP: 117/121 MP: 19/19
 16928 | D:14     | Found a hide-covered altar of Uskayaw.
 17141 | D:15     | Entered Level 15 of the Dungeon
 17247 | Lair:1   | Entered Level 1 of the Lair of Beasts
 17908 | Lair:2   | Found a staircase to the Swamp.
 18592 | Lair:3   | Reached skill level 15 in Shields
 18772 | Lair:3   | Found a staircase to the Snake Pit.
 18870 | Lair:3   | Identified a scroll of acquirement
 19322 | Lair:3   | Reached skill level 10 in Armour
 19603 | Lair:4   | Reached ****** piety under Yredelemnul
 20270 | Lair:5   | Entered Level 5 of the Lair of Beasts
 20270 | Lair:5   | Found a staircase to the Slime Pits.
 20826 | Lair:5   | Reached XP level 15. HP: 126/126 MP: 20/20
 21509 | Lair:5   | Identified the +1 chain mail "Omor" {+Blink Str+3 Int-2}
 22316 | Orc:1    | Entered Level 1 of the Orcish Mines
 22316 | Orc:1    | Found Zaoxy's Magic Scroll Shoppe.
 22342 | Orc:1    | Bought a scroll of blinking for 112 gold pieces
 22342 | Orc:1    | Bought a scroll of enchant weapon for 112 gold pieces
 22342 | Orc:1    | Bought a scroll of silence for 142 gold pieces
 22481 | Orc:2    | Entered Level 2 of the Orcish Mines
 22483 | Orc:2    | Gained mutation: Armour fits poorly on your strangely
                  | shaped body. [potion of mutation]
 22484 | Orc:2    | Lost mutation: Armour fits poorly on your strangely shaped
                  | body. [potion of mutation]
 22484 | Orc:2    | Gained mutation: You have large cloven feet. [potion of
                  | mutation]
 22484 | Orc:2    | Gained mutation: You have a pair of small horns on your
                  | head. [potion of mutation]
 22485 | Orc:2    | Lost mutation: You have a pair of small horns on your head.
                  | [potion of mutation]
 22485 | Orc:2    | Lost mutation: You have large cloven feet. [potion of
                  | mutation]
 22485 | Orc:2    | Gained mutation: You occasionally shout uncontrollably at
                  | your foes. [potion of mutation]
 22485 | Orc:2    | Gained mutation: You are partially covered in iridescent
                  | scales. (AC +2) [potion of mutation]
 22486 | Orc:2    | Lost mutation: You are partially covered in iridescent
                  | scales. (AC +2) [potion of mutation]
 22486 | Orc:2    | Lost mutation: You occasionally shout uncontrollably at
                  | your foes. [potion of mutation]
 22486 | Orc:2    | Gained mutation: Your flesh is heat resistant. (rF+)
                  | [potion of mutation]
 22486 | Orc:2    | Gained mutation: You have hidden genetic defects. [potion
                  | of mutation]
 22622 | Orc:2    | Found a staircase to the Elven Halls.
 22876 | Orc:2    | Reached skill level 1 in Evocations
 23215 | Orc:2    | Found Bosapne's Magic Scroll Shop.
 23227 | Orc:2    | Bought a scroll of butterflies for 52 gold pieces
 23227 | Orc:2    | Bought a scroll of teleportation for 39 gold pieces
 23227 | Orc:2    | Bought a scroll of silence for 123 gold pieces
 23240 | Orc:2    | Found an ancient bone altar of Kikubaaqudgha.
 23240 | Orc:2    | Noticed Nergalle
 23253 | Orc:2    | Killed Nergalle
 23262 | Orc:2    | Found Zohac's Book Boutique.
 23312 | Orc:2    | Noticed Erolcha
 23323 | Orc:2    | Killed Erolcha
 23429 | Orc:2    | Found a radiant altar of Vehumet.
 23474 | Orc:2    | Found Miumett's Antique Weapon Boutique.
 23523 | Orc:2    | Found a roughly hewn altar of Beogh.
 23530 | Orc:2    | Found Fetyosa's Antique Weapon Shop.
 24216 | Swamp:1  | Entered Level 1 of the Swamp
 24254 | Swamp:1  | Gained mutation: Your magical capacity is low. (-10% MP)
                  | [hidden defects]
 24336 | Swamp:1  | Reached skill level 5 in Evocations
 24365 | Swamp:1  | Gained mutation: You are dopey. (Int -2) [hidden defects]
 24365 | Swamp:1  | Lost mutation: You have hidden genetic defects. [hidden
                  | defects expressed]
 24670 | Swamp:1  | Reached XP level 16. HP: 121/137 MP: 19/19
 24889 | Swamp:1  | Found a transporter.
 24892 | Swamp:1  | Noticed xfalz's ghost (journeyman GnSk)
 24922 | Swamp:1  | Found a transporter.
 25222 | D:13     | You paid a toll of 2 scrolls of acquirement to enter a
                  | treasure trove
 25223 | Trove    | Entered a treasure trove
 25228 | Trove    | Identified the +0 long sword of Xefohev {protect, rF+}
 25237 | Trove    | Identified the +0 bardiche of Tuesem {venom, +Blink rC+}
 25672 | Swamp:1  | HP: 7/139 [tyrant leech[a spriggan druid] (16)]
 26003 | Swamp:2  | Found a transporter.
 26003 | Swamp:2  | Found a transporter.
 26259 | Swamp:2  | Noticed steamdo11's ghost (journeyman FeSu)
 26266 | Swamp:2  | Noticed a profane servitor
 26303 | Swamp:2  | Found a one-way gate to the infinite horrors of the Abyss.
 27172 | Swamp:3  | Noticed a thorn hunter
 27188 | Swamp:2  | Killed a thorn hunter
 28072 | Swamp:3  | Identified the ring "Wuatsupt" {Ice rN+}
 28475 | Swamp:4  | Entered Level 4 of the Swamp
 28669 | Swamp:4  | Noticed a tentacled monstrosity
 28700 | Swamp:4  | Killed a tentacled monstrosity
 28948 | Swamp:4  | Identified Roxanne's Catalogue of Transmutation
 28948 | Swamp:4  | Noticed Roxanne
 29265 | Swamp:4  | Identified the +1 flail "Jellyslayer" {freeze, Str+4}
 29269 | Swamp:4  | Reached XP level 17. HP: 123/148 MP: 20/20
 29354 | Swamp:4  | Reached skill level 10 in Evocations
 29516 | Swamp:4  | Got a decaying rune of Zot
 30011 | Snake:1  | Entered Level 1 of the Snake Pit
 30019 | Snake:1  | Reached skill level 5 in Dodging
 30436 | Snake:1  | Found a runed translucent gate.
 30436 | Snake:1  | Found a runed translucent gate.
 30597 | Snake:1  | Found a hide-covered altar of Uskayaw.
 31078 | Snake:1  | Found a runed translucent gate.
 31081 | Snake:1  | Noticed derval's ghost (adept OpSu)
 31082 | Snake:1  | Noticed grom234's ghost (journeyman FoFi)
 31135 | Snake:1  | Killed grom234's ghost
 31141 | Snake:1  | Killed derval's ghost
 31149 | Snake:1  | Identified the +0 short sword of the Mauling Wasp {freeze,
                  | rN++ rCorr Int-3}
 32044 | Snake:2  | Reached skill level 10 in Invocations
 32280 | Snake:3  | Found Wiedghoym's Armour Shoppe.
 32289 | Snake:3  | Bought the +2 pair of boots of the Poles {rC+} for 456 gold
                  | pieces
 32880 | Snake:4  | Entered Level 4 of the Snake Pit
 33037 | Snake:4  | Reached XP level 18. HP: 161/161 MP: 22/22
 33057 | Snake:4  | Reached skill level 15 in Fighting
 33247 | Snake:4  | Reached skill level 15 in Armour
 35116 | Snake:4  | Got a serpentine rune of Zot
 35558 | Elf:1    | Entered Level 1 of the Elven Halls
 36712 | Elf:1    | Reached XP level 19. HP: 177/177 MP: 23/23
 36822 | Elf:1    | Paralysed by an air elemental for 1 turns
 37261 | Elf:1    | Found Zyruxza's Jewellery Boutique.
 37262 | Elf:1    | Found Qupeotag's Book Shoppe.
 37262 | Elf:1    | Found Wutuits's Book Shoppe.
 37524 | Elf:2    | Paralysed by an air elemental for 1 turns
 37547 | Elf:2    | Found a magical portal.
 37745 | WizLab   | Entered Yara's Duelist Academy
 38521 | WizLab   | Noticed Kipoe
 38531 | WizLab   | Killed Kipoe the Head Instructor
 38915 | Elf:2    | Found a runed translucent gate.
 38915 | Elf:2    | Found a runed translucent gate.
 38915 | Elf:2    | Found a runed translucent gate.
 39057 | Elf:2    | Found Silering's Armour Shoppe.
 39060 | Elf:2    | Bought a +2 cloak of stealth for 322 gold pieces
 39953 | Elf:3    | Entered Level 3 of the Elven Halls
 39993 | Elf:3    | Found a frozen archway.
 40022 | IceCv    | Entered an ice cave
 40325 | IceCv    | Found a transporter.
 40337 | IceCv    | Found a transporter.
 41125 | Elf:3    | Paralysed by an air elemental for 1 turns
 41613 | Elf:3    | Identified the +6 scimitar of the Hammering Genius {pain,
                  | rN+ Int+2}
 41639 | Elf:3    | Reached XP level 20. HP: 168/187 MP: 24/24
 41655 | Elf:3    | Identified the amulet "Dostric" {rF+ Regen+}
 41779 | Elf:3    | Identified the +0 chain mail "Xaathraepn" {+Inv rPois Str+2
                  | Dex-3}
 41884 | Elf:3    | Found the +7 great mace "Firestarter" {flame, inner flame,
                  | rFlCloud rF++}
 41928 | Elf:3    | Identified the ring "Rigaen" {Dex+3 SInv}
 42265 | Vaults:1 | Entered Level 1 of the Vaults
 42595 | Vaults:1 | Identified the +9 great mace of Nasod {heavy, rF+ Str+3}
 43159 | Vaults:1 | Found a transporter.
 43159 | Vaults:1 | Noticed Cewk's ghost (adept DEVM)
 43162 | Vaults:1 | Found a bloodstained altar of Trog.
 43169 | Vaults:1 | Identified the +1 plate armour of Patterns {rCorr}
 43182 | Vaults:1 | Found a transporter.
 43946 | Vaults:2 | Identified the +3 plate armour "Budos" {rElec MP-9 Slay+6
                  | Stlth+}
 44000 | Vaults:2 | Identified the +3 mace "Faedoing" {vamp, rF+}
 45191 | Vaults:3 | Reached XP level 21. HP: 194/194 MP: 25/25
 45200 | Vaults:3 | Found Maubus's Distillery.
 45209 | Vaults:3 | Bought a potion of heal wounds for 85 gold pieces
 45209 | Vaults:3 | Bought a potion of haste for 170 gold pieces
 45209 | Vaults:3 | Bought a potion of curing for 51 gold pieces
 45209 | Vaults:3 | Bought a potion of resistance for 170 gold pieces
 45209 | Vaults:3 | Bought a potion of might for 68 gold pieces
 45209 | Vaults:3 | Bought a potion of invisibility for 136 gold pieces
 45209 | Vaults:3 | Bought a potion of resistance for 170 gold pieces
 45220 | Vaults:3 | Found a staircase to the Crypt.
 45553 | Vaults:3 | Found Waluo's Distillery.
 45558 | Vaults:3 | Bought a potion of haste for 130 gold pieces
 45558 | Vaults:3 | Bought a potion of mutation for 104 gold pieces
 45558 | Vaults:3 | Bought 2 potions of might for 104 gold pieces
 45558 | Vaults:3 | Bought a potion of cancellation for 104 gold pieces
 45558 | Vaults:3 | Bought 2 potions of mutation for 208 gold pieces
 45681 | Vaults:3 | Noticed Mara
 45693 | Vaults:3 | Killed Mara
 45693 | Vaults:3 | Enslaved Mara
 46046 | Vaults:3 | Noticed Margery
 46053 | Vaults:3 | Killed Margery
 46086 | Vaults:3 | Noticed Bai Suzhen
 46100 | Vaults:3 | Killed Bai Suzhen
 47338 | Crypt:1  | Entered Level 1 of the Crypt
 47915 | Crypt:2  | Reached XP level 22. HP: 211/211 MP: 27/27
 48322 | Crypt:2  | Identified the +4 plate armour of the Sharing Gods {Will+
                  | Dex+3}
 49240 | Crypt:3  | Entered Level 3 of the Crypt
 49340 | Crypt:3  | Noticed a curse toe
 49340 | Crypt:3  | Noticed a curse toe
 49517 | Crypt:3  | Found the +4 moon troll leather armour {Spirit, Regen++
                  | MP+5}
 49518 | Crypt:3  | Found the +8 Vampire's Tooth {megavamp}
 49856 | Crypt:3  | Killed a curse toe
 50090 | Crypt:3  | Killed a curse toe
 50208 | Crypt:3  | Noticed an ancient lich
 50222 | Crypt:3  | Noticed a dread lich
 50234 | Crypt:3  | Killed an ancient lich
 50239 | Crypt:3  | Killed a dread lich
 50249 | Crypt:3  | Identified the +4 long sword of Fate {heavy, rF- rCorr
                  | Dex+2 Stlth+}
 50251 | Crypt:3  | Identified the amulet of Lumage {Regen+ Int+2}
 50251 | Crypt:3  | Identified the ring of Nimi {rN+ Str+2}
 50251 | Crypt:3  | Identified the ring "Kocwun" {rF+ rN+ MP+9 Int+4 Dex+3}
 50555 | Crypt:3  | Found a staircase to the Tomb.
 50796 | D:15     | Identified the +0 pair of gloves of Taisicru {Harm Str+2
                  | Int-5 Dex+2}
 50849 | D:15     | Found a stormy altar of Qazlal.
 50991 | D:15     | Found a staircase to the Depths.
 51280 | D:15     | Noticed Josephine
 51287 | D:15     | Killed Josephine
 51543 | Depths:1 | Entered Level 1 of the Depths
 51650 | Depths:1 | Reached XP level 23. HP: 223/223 MP: 28/28
 51943 | Depths:1 | Noticed Puodgh's ghost (adept MfGl)
 52013 | Depths:1 | Found a transporter.
 52065 | Depths:1 | Found a transporter.
 52123 | Depths:1 | Found a gateway to Hell.
 52141 | Depths:1 | Identified the +1 plate armour "Niybbigi" {rElec Str+3
                  | Int+4 Dex-3}
 52201 | Depths:1 | Identified the +1 plate armour "Runizow" {rC+ Int+3}
 52885 | Depths:2 | Identified the +2 glaive of Uskayaw {drain, Will+ Str+7
                  | Int+3}
 52936 | Depths:2 | Found a one-way gate leading to the halls of Pandemonium.
 52945 | Depths:2 | Paralysed by a floating eye for 3 turns
 52958 | Depths:2 | Paralysed by a floating eye for 4 turns
 53088 | Depths:2 | Found Bumnuoll's Antique Weapon Emporium.
 53128 | Depths:2 | Found a one-way gateway to a ziggurat.
 53132 | Depths:2 | Paralysed by a floating eye for 2 turns
 53428 | Depths:2 | Noticed a caustic shrike
 53429 | Depths:2 | Noticed a golden dragon
 53434 | Depths:2 | Killed a caustic shrike
 53439 | Depths:2 | Killed a golden dragon
 53500 | Depths:2 | Identified the +0 robe of Misanthropy {Fly Regen+ Int+3
                  | Archmagi}
 53976 | Depths:3 | Noticed a golden dragon
 53992 | Depths:3 | Killed a golden dragon
 54008 | Depths:3 | Your ally Mara died
 54164 | Depths:3 | Noticed Boris
 54351 | Depths:3 | Noticed a golden dragon
 54352 | Depths:3 | Reached XP level 24. HP: 237/237 MP: 28/28
 54377 | Depths:3 | Identified the ring "Horret" {rC++ rN+ Int+6}
 54483 | Depths:3 | Identified the +3 mace of Koeskor {spect, MP+9 Str+3}
 54689 | Depths:3 | Identified the +1 scimitar of Xetesk {venom, *Noise rPois
                  | rCorr}
 54952 | Depths:3 | Killed Boris
 55183 | Depths:3 | Found the +8 whip "Snakebite" {venom, curare, rPois}
 55185 | Depths:3 | Identified the +0 scale mail "Ulagh" {Harm Regen+ Dex+6
                  | Stlth+}
 55308 | Depths:3 | Reached skill level 15 in Invocations
 55747 | Depths:3 | Found a sacrificial altar of Ru.
 55782 | Depths:4 | Entered Level 4 of the Depths
 56257 | Depths:4 | Found a shimmering altar of Xom.
 56290 | Depths:4 | Identified the +2 robe of the Pits of Slime {+Inv rF+}
 57001 | Depths:4 | Found a gate to the Realm of Zot.
 57460 | Vaults:5 | Entered Level 5 of the Vaults
 57464 | Vaults:5 | Reached XP level 25. HP: 206/246 MP: 32/32
 58200 | Vaults:5 | Noticed Boris
 58216 | Vaults:5 | Killed Boris
 58599 | Vaults:5 | Identified the +1 pair of boots of the Solstice {Fly Will++
                  | rCorr Stlth-}
 59138 | Vaults:5 | Identified the +4 chain mail "Teolamim" {rN+ MP+9 Dex-4}
 59178 | Vaults:5 | Identified the +12 mace of Instant Death {flame, rPois}
 59628 | Vaults:5 | Got a silver rune of Zot
 60036 | Zot:1    | Entered Level 1 of the Realm of Zot
 61358 | Zot:3    | Reached XP level 26. HP: 254/259 MP: 32/32
 61621 | Zot:4    | Noticed Vv
 61639 | Zot:4    | Killed Vv
 61647 | Zot:4    | Noticed a Killer Klown
 61661 | Zot:4    | Killed a Killer Klown
 61661 | Zot:4    | Enslaved a Killer Klown
 61799 | Zot:4    | Noticed a Killer Klown
 61808 | Zot:4    | a Killer Klown changed into a rockslime
 61824 | Zot:5    | Entered Level 5 of the Realm of Zot
 62454 | Zot:5    | Noticed an orb of fire
 62621 | Zot:5    | Noticed an ancient lich
 62628 | Zot:5    | Killed an ancient lich
 62739 | Zot:5    | Killed an orb of fire
 62756 | Zot:5    | Noticed an orb of fire
 62762 | Zot:5    | Gained mutation: Your magical capacity is very low. (-20%
                  | MP) [an orb of fire]
 62769 | Zot:5    | Noticed an orb of fire
 62770 | Zot:5    | Gained mutation: You sometimes lose your temper in combat.
                  | [an orb of fire]
 62773 | Zot:5    | Noticed a dread lich
 62774 | Zot:5    | Noticed a Killer Klown
 62775 | Zot:5    | Noticed an orb of fire
 62779 | Zot:5    | Killed an orb of fire
 62780 | Zot:5    | Noticed an orb of fire
 62783 | Zot:5    | Noticed an orb of fire
 62787 | Zot:5    | Noticed a Killer Klown
 62789 | Zot:5    | Noticed an orb of fire
 62791 | Zot:5    | Gained mutation: Armour fits poorly on your strangely
                  | shaped body. [an orb of fire]
 62793 | Zot:5    | Killed an orb of fire
 62800 | Zot:5    | Noticed an orb of fire
 62808 | Zot:5    | Killed an orb of fire
 62813 | Zot:5    | Gained mutation: Your magical capacity is extremely low.
                  | (-30% MP) [an orb of fire]
 62814 | Zot:5    | Killed an orb of fire
 62814 | Zot:5    | Noticed an orb of fire
 62818 | Zot:5    | Noticed a Killer Klown
 62818 | Zot:5    | Gained mutation: You are vulnerable to cold. (rC-) [an orb
                  | of fire]
 62895 | Zot:4    | Noticed a Killer Klown
 62906 | Zot:4    | Killed a Killer Klown
 62928 | Zot:4    | Lost mutation: Your magical capacity is extremely low.
                  | (-30% MP) [potion of mutation]
 62928 | Zot:4    | Lost mutation: You are vulnerable to cold. (rC-) [potion of
                  | mutation]
 62928 | Zot:4    | Lost mutation: Your flesh is heat resistant. (rF+) [potion
                  | of mutation]
 62928 | Zot:4    | Gained mutation: You are strong-willed. (Will+) [potion of
                  | mutation]
 62928 | Zot:4    | Gained mutation: You expend magic power (3 MP) to
                  | strengthen your wands. [potion of mutation]
 62929 | Zot:4    | Lost mutation: Armour fits poorly on your strangely shaped
                  | body. [potion of mutation]
 62929 | Zot:4    | Lost mutation: You are dopey. (Int -2) [potion of mutation]
 62929 | Zot:4    | Lost mutation: You sometimes lose your temper in combat.
                  | [potion of mutation]
 62957 | Zot:4    | Killed an orb of fire
 62979 | Zot:5    | Killed a dread lich
 62984 | Zot:4    | Gained mutation: Your magical capacity is extremely low.
                  | (-30% MP) [an orb of fire]
 62993 | Zot:4    | Gained mutation: Your natural rate of healing is unusually
                  | fast. [an orb of fire]
 62994 | Zot:4    | Killed an orb of fire
 62997 | Zot:5    | Gained mutation: You are dopey. (Int -2) [an orb of fire]
 63002 | Zot:4    | Gained mutation: You are very dopey. (Int -4) [an orb of
                  | fire]
 63008 | Zot:4    | Gained mutation: Potions are less effective at restoring
                  | your health. [an orb of fire]
 63009 | Zot:4    | Gained mutation: You have hidden genetic defects. [an orb
                  | of fire]
 63013 | Zot:4    | Gained mutation: Your body sometimes deteriorates upon
                  | taking damage. [an orb of fire]
 63016 | Zot:4    | Gained mutation: Your body often deteriorates upon taking
                  | damage. [an orb of fire]
 63024 | Zot:4    | Gained mutation: You are weak. (Str -2) [an orb of fire]
 63029 | Zot:4    | Killed an orb of fire
 63029 | Zot:4    | Gained mutation: You are frail. (-10% HP) [an orb of fire]
 63038 | Zot:4    | Killed an orb of fire
 63039 | Zot:4    | Lost mutation: Your magical capacity is extremely low.
                  | (-30% MP) [potion of mutation]
 63039 | Zot:4    | Lost mutation: You have hidden genetic defects. [potion of
                  | mutation]
 63039 | Zot:4    | Lost mutation: You expend magic power (3 MP) to strengthen
                  | your wands. [potion of mutation]
 63039 | Zot:4    | Lost mutation: You are weak. (Str -2) [potion of mutation]
 63039 | Zot:4    | Gained mutation: You have a pair of small antennae on your
                  | head. [potion of mutation]
 63065 | Zot:4    | Lost mutation: You are very dopey. (Int -4) [potion of
                  | mutation]
 63065 | Zot:4    | Lost mutation: Your body often deteriorates upon taking
                  | damage. [potion of mutation]
 63065 | Zot:4    | Lost mutation: Your magical capacity is very low. (-20% MP)
                  | [potion of mutation]
 63205 | Zot:5    | Killed a Killer Klown
 63257 | Zot:5    | Killed a Killer Klown
 63267 | Zot:5    | Killed a Killer Klown
 63553 | Zot:5    | Noticed a Killer Klown
 63568 | Zot:5    | Killed a Killer Klown
 63614 | Zot:5    | Acquired 768 gold pieces
 63615 | Zot:5    | Acquired 792 gold pieces
 63616 | Zot:5    | Acquired 826 gold pieces
 63622 | Zot:5    | Got the Orb of Zot
 63652 | Zot:5    | Reached XP level 27. HP: 242/242 MP: 32/32
 63970 | Depths:1 | Noticed a seraph
 64013 | D:15     | Noticed Dioger the pandemonium lord
 64070 | D:12     | Gained mutation: Armour fits poorly on your strangely
                  | shaped body. [a cacodemon]
 64071 | D:12     | Gained mutation: You are very frail. (-20% HP) [a
                  | cacodemon]
 64322 | D:1      | Noticed a seraph
 64326 | D:$      | Escaped with the Orb!

Illustrated notes

Levels and vault maps discovered:
D:1:      minmay_arrival_nine_rooms, layout_loops_ring,
          shapermc_ecumenical_altar_mp_vishouse, glass_columns_c,
          minmay_misc_feat_alley, corexii_hall_statues_l
D:2:      layout_loops_ring, uniq_terence
D:3:      layout_basic, mainiacjoe_overflow_alcove_4, minmay_strange_pillars,
          chequers_garden
D:4:      layout_loops_ring, amcnicky_altar_gilded, zin_academy,
          mainiacjoe_overflow_paths, kennysheep_pointless_box,
          hangedman_glass_teeth, serial_bayou_lagoon_a, uniq_robin
D:5:      layout_rooms, gup_sewer_entry_bubbles, uniq_blork_the_orc, uniq_ijyb
D:6:      layout_loops_ring, lemuel_zombie_altar_kikubaaqudgha,
          nicolae_gozag_seed_capital
D:7:      lemuel_ratsnest, layout_basic, kennysheep_little_box,
          minmay_temple_entry_tees, biasface_ghost_orc_armoury
D:8:      layout_loops_corners, enter_bailey_3
D:9:      layout_cave_pools, slow_altar_2, introduction_to_nature_1, uniq_pikel
D:10:     layout_layer_cave, nicolae_yredelemnul_corpse_copse, lair_entry_dummy,
          hangedman_abyss_or_decor_slice, nicolae_titane
D:11:     nzn_winding_woodlands_stair_cross
          [nzn_winding_woodlands_5x15_split_checker,
          nzn_winding_woodlands_center_diamonds,
          nzn_winding_woodlands_5x15_sawtooth,
          nzn_winding_woodlands_5x5_checkerboard,
          nzn_winding_woodlands_5x5_three, nzn_winding_woodlands_5x15_jagged,
          nzn_winding_woodlands_center_lodge,
          nzn_winding_woodlands_5x15_zeroes], layout_gridville,
          hangedman_incinerator
D:12:     layout_irregular_city, orc_0_dummy
D:13:     layout_loops_ring, nicolae_trove_entry_columns, serial_shops,
          freezing_bzr, kennysheep_generic_room_6, uniq_urug
D:14:     layout_rooms, erik_vaults_1, nicolae_uskayaw_suspiria,
          hex_intersection
D:15:     gammafunk_depths_entry_grave, layout_stronghold,
          nicolae_qazlal_scattered_showers, uniq_josephine
Temple:   nicolae_temple_ecumenical_triangle
Lair:1:   layout_roguey
Lair:2:   layout_roguey, swamp_mist, dreamdust_wasp_nest
Lair:3:   layout_cave_pods, guppyfry_snake_entry_garden, grunt_megastairs_5
Lair:4:   layout_gridlike, bh_autumn_forest_stairs, serial_bayou_shore_a
Lair:5:   hangedman_lair_caniforms_friends, layout_layer_cave, slime_entry_1,
          infiniplex_staircase_pool_2, lemuel_fruit_fields
Swamp:1:  layout_falls_marsh, gammafunk_ghost_mausoleum,
          evilmike_swamp_ruin_house_3
Swamp:2:  layout_basic_swamp, gammafunk_ghost_abyssal_escape,
          evilmike_swamp_ruin_house_4
Swamp:3:  layout_falls_marsh, evilmike_swamp_ruin_rubble_2
Swamp:4:  swamp_alternative, layout_basic_swamp, uniq_roxanne
Snake:1:  layout_grid_maze, gammafunk_ghost_cemetery, basic_altar,
          grunt_megastairs_3
Snake:2:  layout_grid_shapes
Snake:3:  layout_rooms, serial_shops, nicolae_shop_waterfront,
          nicolae_snake_squiggles, lemuel_fruit_tree
Snake:4:  snake_pit_salamanders_mu, layout_cave_town
Orc:1:    layout_caves, serial_shops, shop
Orc:2:    kennysheep_orc_mage_school, layout_caves, special_room
Elf:1:    nicolae_elf_arrival_fired_up, layout_onion_city, minivault_28,
          nicolae_elf_crossing_hall, minmay_shop_grove
Elf:2:    nicolae_elf_blades_splatter_lattice [mumra_blade_entry_bloodbath],
          layout_loops_cross, serial_shops, nicolae_shop_behind_doors,
          mu_enter_wizlab_3, uniq_jorgrun, uniq_aizul
Elf:3:    minmay_elf_hall, layout_loops_ring,
          portal_ice_cave_entry_ice_statue_one
Vaults:1: gammafunk_ghost_wrathful_warriors, ontoclasm_vaults_tryst,
          ontoclasm_vaults_hangar, ontoclasm_vaults_ring_small, v_misc_5,
          vaults_room_grunt_arrival_ludios, nicolae_vaults_shelves_hall,
          nicolae_vaults_windows_and_doors_thing, vaults_dpeg_ring,
          grunt_vaults_hallway_short, layout_vaults_chaotic_city
Vaults:2: vaults_mumra_chevron_long, v_misc_26, v_misc_8, vaults_dpeg_diagonal,
          v_alt_pattern_3, vaults_mumra_lcd, nicolae_vaults_little_squares_3,
          nicolae_vaults_little_squares_1, vaults_mumra_hex,
          layout_vaults_omnigrid
Vaults:3: minmay_crypt_entry_simple_sparse, v_rooms_5, v_misc_5, v_misc_9,
          v_rooms_3, v_misc_11, hangedman_vaults_slither, vaults_room_door_ring,
          vaults_room_grid, vaults_room_pools, nicolae_vaults_asterisk,
          layout_vaults_omnibox, serial_shops, shop, shop, uniq_bai_suzhen,
          uniq_margery, uniq_mara
Vaults:4: hangedman_vaults_nodes, nicolae_vaults_network_square, v_misc_1,
          vaults_dpeg_spiral, vaults_room_door_hall, st_hourglassy,
          nicolae_vaults_yaktaur_gun_rack, v_alt_pattern_3,
          nicolae_vaults_shelves_hall, layout_vaults_maze_bifur
Vaults:5: serial_shops
Crypt:1:  layout_basic
Crypt:2:  layout_catacombs, grunt_megastairs_1
Crypt:3:  david_glass_crypt, layout_chaotic_city,
          nicolae_tomb_entry_rubble_hallway, minivault_27, grunt_megastairs_4
Depths:1: layout_gridville, lightli_too_deep, gammafunk_ghost_arena,
          nicolae_eternal_life, kennysheep_generic_room_4
Depths:2: cross_vault, layout_basic, enter_ziggurat_c, serial_shops, shop,
          pan_entry, hell_entry, minmay_crystal_room
Depths:3: minmay_the_grid_square_5x5_5x5_mashed
          [minmay_the_grid_square_5x5_moneybag,
          minmay_the_grid_square_5x5_empty, minmay_the_grid_square_5x5_mess,
          minmay_the_grid_square_5x5_longway, minmay_the_grid_square_5x5_comb,
          minmay_the_grid_square_5x5_inner_z,
          minmay_the_grid_square_5x5_prize_snowflake,
          minmay_the_grid_square_5x5_almost_minimal,
          minmay_the_grid_square_5x5_prize_rear_guard,
          minmay_the_grid_square_5x5_empty, minmay_the_grid_square_5x5_shuriken,
          minmay_the_grid_square_5x5_checkered_statues,
          minmay_the_grid_square_5x5_prize_waves,
          minmay_the_grid_square_5x5_plus,
          minmay_the_grid_square_5x5_hollow_slash,
          minmay_the_grid_square_5x5_tri_point,
          minmay_the_grid_square_5x5_prize_gold,
          minmay_the_grid_square_5x5_doubleslash,
          minmay_the_grid_square_5x5_prize_monsterx,
          minmay_the_grid_square_5x5_minibox,
          minmay_the_grid_square_5x5_spiral_small,
          minmay_the_grid_square_5x5_inverted_slash,
          minmay_the_grid_square_5x5_intrusive_squares,
          minmay_the_grid_square_5x5_percent,
          minmay_the_grid_square_5x5_detours], layout_basic, hell_entry,
          nicolae_ru_the_path_less_chosen, rand_demon_pan_entry_9, abyss_entry,
          uniq_boris
Depths:4: grunt_twist_and_shout, layout_cave_shapes, abyss_entry_glasseish,
          hellmouth_1, nicolae_two_hexagons, tgw_xom
Zot:1:    layout_misc_corridors, grunt_megastairs_2
Zot:2:    layout_misc_corridors, uniq_josephina
Zot:3:    layout_basic, amethyst_zot_foddershock, lemuel_elevator
Zot:4:    circus_mu, layout_twisted_circle, uniq_vv
Zot:5:    layout_concentric_octagons

Skill      XL: |  1  2  3  4  5  6  7  8  9 10 11 12 13 14 15 16 17 18 19 20 21 22 23 24 25 26 27 |
---------------+----------------------------------------------------------------------------------+-----
Throwing       | 2 |  2.0
Polearms       | 4 5 6 7 9 13 17 18 20 21 | 21.1
Armour         | 1 3 5 6 7 8 11 12 14 16 19 20 21 23 24 25 26 | 26.0
Fighting       | 3 4 6 9 10 11 12 14 17 18 20 22 23 24 25 26 | 26.0
Shields        | 3 11 14 16 18 19 22 23 24 25 26 | 26.0
Invocations    | 7 10 11 12 18 | 18.0
Evocations     | 5 9 10 | 10.0
Dodging        | 4 6 |  6.0

Action                     |  1- 3 |  4- 6 |  7- 9 | 10-12 | 13-15 | 16-18 | 19-21 | 22-24 | 25-27 || total
---------------------------+-------+-------+-------+-------+-------+-------+-------+-------+-------++-------
  Melee: Trident           |   102 |   190 |   216 |   110 |    89 |       |       |       |       ||   707
         Punch             |       |     4 |     2 |     3 |       |       |       |       |       ||     9
         Halberd           |       |       |   209 |       |       |       |       |       |       ||   209
         Spear             |       |       |   102 |   411 |       |       |       |       |       ||   513
         Demon trident     |       |       |       |       |   902 |  1041 |  1167 |  1578 |  1116 ||  5804
         Unarmed           |       |       |       |       |       |       |       |       |     7 ||     7
  Throw: Dart              |     5 |     1 |    37 |    17 |     5 |       |       |       |     5 ||    70
         Throwing net      |     3 |       |       |     2 |       |       |       |       |       ||     5
         Javelin           |       |     3 |       |       |       |       |       |       |       ||     3
 Invoke: Dark Bargain      |       |       |       |       |     3 |     1 |       |       |       ||     4
         Recall Undead Har |       |       |       |       |    12 |     8 |    13 |    13 |     1 ||    47
         Drain Life        |       |       |       |       |     4 |     4 |     2 |     8 |       ||    18
         Bind Soul         |       |       |       |       |     2 |     1 |     2 |       |     1 ||     6
Ability: Evoke Blink       |       |       |       |       |     1 |       |       |       |       ||     1
  Evoke: Wand              |       |       |    16 |    15 |    12 |    14 |     5 |     7 |     2 ||    71
         Box of beasts     |       |       |       |     1 |       |     4 |     3 |     4 |     3 ||    15
         Phial of floods   |       |       |       |       |       |       |     3 |     2 |     4 ||     9
         Condenser vane    |       |       |       |       |       |       |     2 |     4 |     2 ||     8
         Phantom mirror    |       |       |       |       |       |       |       |     3 |     4 ||     7
         Tin of tremorston |       |       |       |       |       |       |       |     5 |     6 ||    11
         Lightning rod     |       |       |       |       |       |       |       |       |     3 ||     3
    Use: Scroll            |     1 |       |    12 |     5 |    24 |    10 |    10 |     7 |    12 ||    81
         Potion            |       |     1 |     5 |     7 |     8 |     2 |     8 |     1 |    18 ||    50
   Stab: Sleeping          |     3 |       |       |       |       |       |       |       |       ||     3
         Distracted        |       |       |       |     3 |    15 |    16 |    18 |    27 |    17 ||    96
         Paralysed         |       |       |       |       |     1 |    12 |     2 |       |       ||    15
         Confused          |       |       |       |       |       |     1 |       |       |       ||     1
         Invisible         |       |       |       |       |       |       |       |       |     3 ||     3
 Armour: Leather armour    |    25 |       |       |       |       |       |       |       |       ||    25
         Ring mail         |     4 |    12 |       |       |       |       |       |       |       ||    16
         Scale mail        |       |    58 |   235 |     6 |       |       |       |       |       ||   299
         Plate armour      |       |       |       |   215 |   140 |       |   271 |   406 |   350 ||  1382
         Chain mail        |       |       |       |       |    31 |   146 |    26 |       |       ||   203
  Dodge: Dodged            |    57 |    74 |   218 |    65 |    73 |   104 |   149 |   211 |   214 ||  1165
  Block: Other             |       |       |    50 |    12 |       |       |       |       |       ||    62
         Reflection        |       |       |     2 |    11 |    16 |   110 |    67 |       |       ||   206
         Tower shield      |       |       |       |   337 |   866 |   979 |  1038 |  1301 |  1095 ||  5616

Table legend: (Time is in decaauts)
 A = Elapsed time spent in this place.
 B = Non-inter-level travel time spent in this place.
 C = Inter-level travel time spent in this place.
 D = Time resting spent in this place.
 E = Time spent auto-exploring this place.
 F = Levels seen in this place.
 G = Mean time per level.
                   A        B        C        D        E       F      G
               +--------+--------+--------+--------+--------+-----+--------+
         Total |  62257 |  55790 |   6467 |   9032 |  34191 |  57 | 1092.2 |
       Dungeon |  17650 |  15249 |   2401 |   1810 |  10060 |  15 | 1176.7 |
        Temple |     44 |     27 |     17 |      0 |     18 |   1 |   44.0 |
          Lair |   5073 |   4330 |    743 |     46 |   3471 |   5 | 1014.6 |
         Swamp |   5307 |   4967 |    340 |   1556 |   2565 |   4 | 1326.8 |
     Snake Pit |   5168 |   4848 |    320 |    247 |   3713 |   4 | 1292.0 |
  Orcish Mines |   1815 |   1568 |    247 |     70 |   1148 |   2 |  907.5 |
   Elven Halls |   4777 |   4480 |    297 |   1180 |   2473 |   3 | 1592.3 |
        Vaults |   7320 |   6360 |    960 |    643 |   4166 |   5 | 1464.0 |
         Crypt |   3163 |   2943 |    220 |    295 |   2015 |   3 | 1054.3 |
        Depths |   5895 |   5252 |    643 |   1016 |   2696 |   4 | 1473.8 |
           Zot |   3195 |   2920 |    275 |   1067 |    776 |   5 |  639.0 |
        Bazaar |     92 |     92 |      0 |      0 |     78 |   1 |   92.0 |
         Trove |     28 |     28 |      0 |      0 |      2 |   1 |   28.0 |
         Sewer |    555 |    555 |      0 |    194 |    219 |   1 |  555.0 |
        Bailey |    579 |    579 |      0 |    136 |    242 |   1 |  579.0 |
      Ice Cave |    601 |    601 |      0 |    283 |    247 |   1 |  601.0 |
        Wizlab |    988 |    988 |      0 |    486 |    299 |   1 |  988.0 |
               +--------+--------+--------+--------+--------+-----+--------+

Top non-repeatable levels by time:
   Elf:1: 2222 daAuts
 Snake:4: 2192 daAuts
Depths:3: 1999 daAuts
Vaults:4: 1933 daAuts
    D:11: 1827 daAuts
 Swamp:2: 1697 daAuts
  Lair:5: 1671 daAuts
    D:12: 1638 daAuts
    D:10: 1588 daAuts
Depths:2: 1511 daAuts
 Crypt:2: 1509 daAuts
Vaults:2: 1506 daAuts
Vaults:1: 1446 daAuts
   Elf:3: 1421 daAuts
   Orc:2: 1382 daAuts
